 Dungeon Crawl Stone Soup version 0.28-a0-1510-gd0f6b136d3 (webtiles) character file.

Game seed: 3828867385206671125

59 ytrimaz the Skirmisher (level 3, -3/29 HPs)
             Began as a Demonspawn Berserker on Jan 16, 2022.
             Was a Believer of Trog.
             Killed from afar by an orc wizard (7 damage)
             ... with a magic dart
             ... on level 3 of the Dungeon.
             The game lasted 00:02:32 (3441 turns).

ytrimaz the Skirmisher (Demonspawn Berserker)       Turns: 3441, Time: 00:02:33

Health: -3/29      AC:  3    Str: 19    XL:     3   Next: 78%
Magic:  3/3        EV: 10    Int:  8    God:    Trog [**....]
Gold:   87         SH:  0    Dex:  8    Spells: 2/2 levels left

rFire   . . .      SeeInvis +   a - +0 hand axe
rCold   . . .      Faith    +   (no shield)
rNeg    . . .      Spirit   .   i - +0 leather armour "Wareqos" {Dex-4 SInv Stlth+}
rPois   .          Reflect  .   (helmet restricted)
rElec   .          Harm     .   (no cloak)
rCorr   .          Rampage  .   (no gloves)
Will    .....                   (no boots)
Stlth   ++........              c - amulet of faith
HPRegen 0.09/turn               (no ring)
MPRegen 0.08/turn               (no ring)

@: brilliant, constricted
A: horns 1, repulsion field 1
a: Renounce Religion, Berserk, Trog's Hand


You were on level 3 of the Dungeon.
You worshipped Trog.
Trog was pleased with you.
You visited 1 branch of the dungeon, and saw 3 of its levels.

You collected 87 gold pieces.

Inventory:

Hand Weapons
 a - a +0 hand axe (weapon)
Armour
 i - the +0 leather armour "Wareqos" (worn) {Dex-4 SInv Stlth+}
   (You found it on level 3 of the Dungeon)

   Dex:       It affects your dexterity (-4).
   SInv:      It lets you see invisible.
   Stlth:     It makes you more stealthy.
 k - a +0 scale mail
Jewellery
 c - an amulet of faith (around neck)
Wands
 g - a wand of polymorph (10)
Scrolls
 b - a scroll of holy word {unknown}
 h - 2 scrolls of summoning
Potions
 e - a potion of mutation {unknown}
 f - a potion of invisibility {unknown}


   Skills:
 + Level 3.4 Fighting
 + Level 3.3 Axes
 * Level 2.2 Armour
 * Level 2.4 Dodging


You had 2 spell levels left.
You didn't know any spells.
Your spell library was empty.

Dungeon Overview and Level Annotations

Branches:
Dungeon (3/15)

Altars:


Innate Abilities, Weirdness & Mutations

You have a pair of small horns on your head.
You are surrounded by a mild repulsion field. (EV +2)


Message History

You kill the orc!
Trog accepts your kill.
You barely miss the orc. You barely miss the ball python.
You closely miss the orc wizard. x2; You hit the hobgoblin.
You feel less confused.
A goblin comes into view. It is wielding a +0 dagger.
The ball python loses its grip on you.
The orc wizard hits you with a +0 dagger.
The orc hits you with a +0 hand axe.
The orc wizard hits you but does no damage.
The hobgoblin hits you but does no damage.
Unknown command.
You barely miss the ball python.
The goblin shouts!
You hit the orc. You barely miss the ball python.
You closely miss the orc wizard. You hit the orc wizard.
You completely miss the hobgoblin. The ball python misses you.
The ball python closely misses you.
The orc wizard gestures wildly while chanting.
The orc wizard flickers and vanishes for a moment.
A kobold comes into view. It is wielding a +0 dagger.
The ball python bites you. The ball python grabs you.
The ball python constricts you.
The orc wizard hits you with a +0 dagger.
* * * LOW HITPOINT WARNING * * *
The orc barely misses you. The hobgoblin hits you.
* * * LOW HITPOINT WARNING * * *
Unknown command.
Unknown command.
It was a potion of brilliance.
You feel clever all of a sudden. The ball python completely misses you.
The orc wizard hits you with a +2 dagger of speed.
* * * LOW HITPOINT WARNING * * *
The ball python bites you but does no damage.
The ball python constricts you.
* * * LOW HITPOINT WARNING * * *
The orc wizard gestures at you while chanting.
The magic dart hits you!
You die...

##w≈≈#≈.. #..
#..###..≈≈≈≈≈≈≈≈<
....####...
...≈≈≈≈≈≈≈..
....#......
....≈#≈≈≈≈8< ..g......
..≈#≈≈≈≈≈<. #......#
..≈≈≈≈≈#≈≈. #....#
#.#≈≈≈≈≈≈≈.
##oSo#####.#.#≈≈≈.≈.
#.o@S..w.....#≈≈≈≈..
#....g.#####.##.≈≈≈≈w#
.........# #.##.#.≈≈#≈
......g.## #.......≈≈.
.#....### ####.####..
##..# #.# #.# #K. #.#
#.# ... #.. #.# ###
#.#


You could see 2 orc wizards, a dart slug, an orc, a hobgoblin, 2 goblins, 2 ball
pythons and a kobold.

Vanquished Creatures
  2 adders (D:2)
  A worm (D:3)
  4 dart slugs
  2 orcs (D:3)
  3 endoplasms (D:1)
  2 giant cockroaches (D:2)
  2 goblins (D:1)
  3 jackals (D:2)
  4 kobolds
  2 quokkas (D:1)
  2 ball pythons (D:1)
  A bat (D:1)
28 creatures vanquished.

Vanquished Creatures (others)
  4 toadstools (D:1)
4 creatures vanquished.

Grand Total: 32 creatures vanquished

Notes
Turn   | Place    | Note
-------+----------+-------------------------------------------
     0 | D:1      | ytrimaz the Demonspawn Berserker began the quest for the
                  | Orb.
     0 | D:1      | Reached XP level 1. HP: 18/18 MP: 1/1
   549 | D:1      | Found a faded altar of an unknown god.
   565 | D:1      | Gained mutation: You have a pair of small horns on your
                  | head. [demonic ancestry]
   565 | D:1      | Reached XP level 2. HP: 24/24 MP: 2/2
  1664 | D:2      | Gained mutation: You are surrounded by a mild repulsion
                  | field. (EV +2) [demonic ancestry]
  1664 | D:2      | Reached XP level 3. HP: 20/29 MP: 3/3
  2584 | D:3      | Identified the +0 leather armour "Wareqos" {Dex-4 SInv
                  | Stlth+}
  3438 | D:3      | Reached ** piety under Trog
  3441 | D:3      | Killed from afar by an orc wizard

Illustrated notes

Levels and vault maps discovered:
D:1:      ldierk_walled_garden_2, layout_basic,
          shapermc_ecumenical_altar_totnotflames
D:2:      layout_basic, nicolae_concentric_dashed_squares_mild
D:3:      kennysheep_slugbush, layout_loops_ring, hangedman_decor_growths,
          kennysheep_generic_room_14

Skill      XL: |  1  2 |
---------------+-------+-----
Axes           | 3 |  3.3
Armour         | 2 |  2.2
Dodging        | 2 |  2.4
Fighting       | |  3.4

Action                   || total
-------------------------++-------
Melee: Hand axe          ||    87
       Headbutt          ||     8
Invok: Berserk           ||     1
  Use: Scroll            ||     3
       Potion            ||     1
Armor: Animal skin       ||    15
       Leather armour    ||     5
Dodge: Dodged            ||    83

Table legend: (Time is in decaauts)
 A = Elapsed time spent in this place.
 B = Non-inter-level travel time spent in this place.
 C = Inter-level travel time spent in this place.
 D = Time resting spent in this place.
 E = Time spent auto-exploring this place.
 F = Levels seen in this place.
 G = Mean time per level.
                   A        B        C        D        E       F      G
               +--------+--------+--------+--------+--------+-----+--------+
         Total |   3470 |   3371 |     99 |    720 |   2309 |   3 | 1156.7 |
       Dungeon |   3470 |   3371 |     99 |    720 |   2309 |   3 | 1156.7 |
               +--------+--------+--------+--------+--------+-----+--------+

Top non-repeatable levels by time:
     D:2: 2161 daAuts
     D:1: 1231 daAuts
     D:3: 77 daAuts
